 Dungeon Crawl Stone Soup version 0.17.0-24-gcfadda4 (webtiles) character file.

305 shklvsk the Cudgeler (level 6, -10/47 HPs)
             Began as a Mummy Berserker on Nov 16, 2015.
             Was a Priest of Trog.
             Killed by divine providence
             ... invoked by an orc priest
              (16 damage)
             ... on level 4 of the Dungeon.
             The game lasted 00:09:56 (4136 turns).

shklvsk the Cudgeler (Mummy Berserker)              Turns: 4136, Time: 00:09:57

Health: -10/47     AC: 14    Str: 20    XL:     6   Next: 16%
Magic:  6/6        EV: 11    Int:  6    God:    Trog [***...]
Gold:   98         SH:  0    Dex: 14    Spells: 0 memorised, 5 levels left

rFire  x . .     SeeInvis .     r - +2 flail (protect)
rCold  + . .     Clarity  .     h - +3 ring mail
rNeg   + + +     SustAt   .     (no shield)
rPois  ∞         Gourm    .     (no helmet)
rElec  .         Spirit   .     (no cloak)
rCorr  .         Warding  .     (no gloves)
rMut   .         Stasis   .     q - +0 pair of boots
MR     ++...                    (no amulet)
Stlth  +.........               (no ring)
                                (no ring)

@: regenerating, very resistant to hostile enchantments, very unstealthy
A: no food or potions, fire vulnerability, cold resistance 1, negative energy
resistance 3, torment resistance, unbreathing
a: Trog's Hand, Burn Spellbooks, Renounce Religion


You were on level 4 of the Dungeon.
You worshipped Trog.
Trog was most pleased with you.
You were not hungry.

You visited 1 branch of the dungeon, and saw 4 of its levels.

You collected 98 gold pieces.

Inventory:

Hand Weapons
 e - a +0 hunting sling
 r - a +2 flail of protection (weapon)
Missiles
 a - 7 needles of confusion
 b - 63 stones (quivered)
 j - 15 poisoned needles
 l - 2 throwing nets
 o - 20 sling bullets
Armour
 h - a +3 ring mail (worn)
 i - a +0 buckler
 q - a +0 pair of boots (worn)
Scrolls
 c - a scroll of enchant armour {unknown}
 d - 2 scrolls of teleportation
 f - 3 scrolls of identify {unknown}
 g - a scroll of immolation {unknown}
 k - a scroll of magic mapping {unknown}
 n - a scroll of remove curse {unknown}
Books
 m - a book of the Warp

   Spells                             Type                      Level
   a - Recall                         Summoning/Translocation      3
   b - Gell's Gravitas                Hexes/Translocation          3
   c - Force Lance                    Conjuration/Translocation    4
   d - Phase Shift                    Translocation                5
   e - Warp Weapon                    Charms/Translocation         5
   f - Summon Forest                  Summoning/Translocation      5
   Trog disapproves of the use of such an item.


   Skills:
 - Level 3.0 Fighting
 * Level 5.1 Maces & Flails
 * Level 1.2 Throwing
 + Level 2.6 Armour
 - Level 1.5 Dodging


You had 5 spell levels left.
You didn't know any spells.

Dungeon Overview and Level Annotations

Branches:
Dungeon (4/15)
 Temple: D:4-7

Altars:
Qazlal
Ru
Sif Muna
Trog
Yredelemnul


Innate Abilities, Weirdness & Mutations

You do not eat or drink.
Your flesh is vulnerable to fire.
You are immune to poison.
Your flesh is cold resistant.
You are immune to negative energy.
You are immune to unholy pain and torment.
You can survive without breathing.


Message History

Something smites you!
* * * LOW HITPOINT WARNING * * *
You completely miss the orc priest.
The orc priest is heavily wounded.
The orc priest closely misses you.
You barely miss the orc priest.
The orc priest is heavily wounded.
The orc priest misses you.
Your skin crawls.
You feel resistant to hostile enchantments.
The orc priest barely misses you.
You closely miss the orc priest.
The orc priest is heavily wounded.
The orc priest hits you with a war axe.
* * * LOW HITPOINT WARNING * * *
You barely miss the orc priest.
The orc priest is heavily wounded.
The orc priest mumbles some strange prayers to Beogh against you.
Something smites you!
You die...

#.# ... ... #.#
....
###.###....
#..........
#..........
#..........
#..........
#.#........
#@#.....###
#o#.....#
.......a#.....#
..............#
..............#
..............#
........#.....#
........#.....#
........#.....


You could see a worker ant and an orc priest.

Vanquished Creatures
  A scorpion (D:4)
  An orc priest (D:3)
  2 iguanas (D:4)
  5 adders
  4 gnolls (D:2)
  An ooze (D:2)
  A worm (D:2)
  4 giant geckos
  6 orcs
  4 giant cockroaches
  8 goblins
  6 hobgoblins
  A jackal (D:2)
  9 kobolds
  5 bats
  A giant gecko skeleton (D:4)
  3 giant newts
  15 rats
77 creatures vanquished.

Vanquished Creatures (others)
  A jackal (D:2)
1 creature vanquished.

Grand Total: 78 creatures vanquished

Notes
Turn   | Place    | Note
--------------------------------------------------------------
     0 | D:1      | shklvsk the Mummy Berserker began the quest for the Orb.
     0 | D:1      | Reached XP level 1. HP: 18/18 MP: 1/1
   420 | D:1      | Reached XP level 2. HP: 17/24 MP: 2/2
  1092 | D:1      | Reached ** piety under Trog
  1092 | D:1      | Reached XP level 3. HP: 26/29 MP: 3/3
  1552 | D:2      | Found a stormy altar of Qazlal.
  1789 | D:2      | Noticed a moth of wrath
  1791 | D:2      | Found a bloodstained altar of Trog.
  1982 | D:2      | Found a basalt altar of Yredelemnul.
  2094 | D:2      | Reached skill level 4 in Maces & Flails
  2094 | D:2      | Reached XP level 4. HP: 21/35 MP: 4/4
  2777 | D:3      | Found a deep blue altar of Sif Muna.
  3223 | D:3      | Reached XP level 5. HP: 21/41 MP: 5/5
  3231 | D:3      | Reached *** piety under Trog
  3526 | D:3      | Found a sacrificial altar of Ru.
  3634 | D:3      | Noticed an ice beast
  3734 | D:3      | Reached skill level 1 in Throwing
  4117 | D:4      | Reached skill level 5 in Maces & Flails
  4117 | D:4      | Reached XP level 6. HP: 47/47 MP: 6/6
  4136 | D:4      | Killed from afar by an orc priest

Action                   |  1- 3 |  4- 6 || total
-------------------------+-------+-------++-------
Melee: Mace              |   171 |    56 ||   227
       Flail             |       |   111 ||   111
Throw: Stone             |     3 |    14 ||    17
Invok: Trog's Hand       |       |     3 ||     3
  Use: Scroll            |       |     1 ||     1
